 Dungeon Crawl Stone Soup version 0.23.2-1-ga50397a (webtiles) character file.

Game seed: 10128734675825781776

795 troglodite the Covert (level 7, -1/35 HPs)
             Began as a Spriggan Assassin on May 28, 2019.
             Slain by Grinder (5 damage)
             ... on level 5 of the Dungeon.
             The game lasted 00:31:04 (11308 turns).

troglodite the Covert (Spriggan Assassin)          Turns: 11308, Time: 00:31:05

Health: -1/35      AC: 12    Str:  7    XL:     7   Next: 58%
Magic:  11/11      EV: 22    Int: 12    God:
Gold:   227        SH:  0    Dex: 20    Spells: 10/11 levels left

rFire    . . .     SeeInvis +   w - +2 dagger (protect)
rCold    . . .     Gourm    .   (shield restricted)
rNeg     . . .     Faith    .   C - +2 robe
rPois    .         Spirit   .   (helmet restricted)
rElec    .         Reflect  .   d - +0 cloak
rCorr    .         Harm     .   (gloves unavailable)
MR       +++..                  (boots unavailable)
Stlth    ++++......             (no amulet)
HPRegen  0.11/turn              G - ring of protection from magic
MPRegen  0.12/turn              i - ring of protection from magic

@: protection aura, very quick
A: very small, unfitting armour, see invisible, herbivore, speed 3, slow
metabolism 2
a: no special abilities


You were on level 5 of the Dungeon.
You were not hungry.

You visited 1 branch of the dungeon, and saw 5 of its levels.

You collected 227 gold pieces.

Inventory:

Hand Weapons
 a - a +3 dagger
 b - a +0 blowgun
 v - a +0 hunting sling
 w - a +2 dagger of protection (weapon)
Missiles
 e - 43 poisoned needles
 f - 2 curare-tipped needles
 o - 119 stones (quivered)
 t - 53 sling bullets
Armour
 d - a +0 cloak (worn)
 C - a +2 robe (worn)
Jewellery
 i - a ring of protection from magic (right hand)
 m - an uncursed ring of protection from fire
 D - a +1 ring of slaying
 G - a ring of protection from magic (left hand)
Wands
 A - a wand of random effects (21)
Scrolls
 c - 3 scrolls of amnesia {unknown}
 k - 5 scrolls of teleportation
 l - 4 scrolls of magic mapping {unknown}
 q - a scroll of remove curse
 r - 3 scrolls of fear {unknown}
 s - 5 scrolls of identify {unknown}
 x - 2 scrolls of fog {unknown}
 y - a scroll of noise {unknown}
 F - a scroll of enchant weapon
Potions
 h - a potion of heal wounds {unknown}
 j - a potion of lignification {unknown}
 n - 2 potions of curing
 p - a potion of brilliance {unknown}
 u - a potion of cancellation {unknown}
 z - a potion of flight {unknown}
 B - a potion of magic {unknown}
 E - a potion of agility {unknown}
Comestibles
 g - 6 rations


   Skills:
 * Level 2.7 Fighting
 * Level 5.3 Short Blades
 * Level 2.3(2.9) Slings
 + Level 2.0(2.4) Throwing
 * Level 5.8 Dodging
 * Level 8.5 Stealth
 * Level 2.5 Spellcasting
 * Level 0.4 Hexes


You had 10 spell levels left.
You knew the following spells:

 Your Spells              Type           Power        Failure   Level  Hunger
a - Corona                Hex            #......      22%         1    #......

Your spell library contained the following spells:

 Spells                   Type           Power        Failure   Level  Hunger
 Ensorcelled Hibernation  Hex/Ice        #.....       34%         2    ###....
 Confuse                  Hex            #.......     54%         3    ###....
 Tukima's Dance           Hex            #.......     54%         3    ###....
 Dazzling Spray           Conj/Hex       #.....       56%         3    ###....


Dungeon Overview and Level Annotations

Branches:
Dungeon (5/15)
 Temple: D:4-7

Altars:
Fedhas
Gozag
Trog
Zin

Shops:
D:5 =

Annotations:
D:4 Pikel
D:5 Grinder


Innate Abilities, Weirdness & Mutations

You are very small and have problems with some larger weapons.
You are too small for most types of armour.
You have supernaturally acute eyesight. (SInv)
You are a herbivore.
You cover ground extremely quickly.
You need to consume almost no food.


Message History

* * * LOW HITPOINT WARNING * * *
You hit Grinder.
Grinder is almost dead.
Grinder closely misses you.
You hit Grinder.
Grinder is almost dead.
You hit Grinder.
Grinder is almost dead.
Grinder misses you.
You hit Grinder but do no damage.
Grinder is almost dead.
Grinder barely misses you.
You closely miss Grinder.
Grinder is almost dead.
You hit Grinder but do no damage.
Grinder is almost dead.
Grinder hits you.
* * * LOW HITPOINT WARNING * * *
You writhe in agony.
You die...

##....#§.≈≈§§§#.#
##....##§§.≈..§#..
####....)##≈≈...≈≈#..
#.#.......#≈≈≈.§≈§#..
##.........####§####.#
#.....#.##............
##...##.##............
#.....#.##............
#..##@#.>............. #..
#.5...............
....#...............#..
.......#............##..
...##...##.....#.....##.#
... ...# #..............#
... #.>. #...............
?..##..####...............
....#.###..........#......


You could see Grinder.

Vanquished Creatures
  Sigmund (D:4)
  4 slaves
  Duvessa (D:4)
  A centaur (D:5)
  Blork the orc (D:5)
  Dowan (D:4)
  A crimson imp (D:5)
  A centaur zombie (D:5)
  Ijyb (D:4)
  An iguana (D:4)
  7 adders
  A shadow imp (D:5)
  An adder zombie (D:5)
  4 oozes
  2 dart slugs
  8 leopard geckos
  19 orcs
  9 giant cockroaches
  8 goblins
  13 hobgoblins
  8 jackals (D:4)
  2 quokkas
  2 ball pythons
  6 bats
  3 frilled lizards
  9 kobolds
  A leopard gecko skeleton (D:4)
  9 rats
125 creatures vanquished.

Notes
Turn   | Place    | Note
-------+----------+-------------------------------------------
     0 | D:1      | troglodite the Spriggan Assassin began the quest for the
                  | Orb.
     0 | D:1      | Reached XP level 1. HP: 10/10 MP: 2/2
    14 | D:1      | Reached skill level 6 in Stealth
   275 | D:1      | Reached XP level 2. HP: 14/14 MP: 3/3
   878 | D:1      | Reached XP level 3. HP: 6/18 MP: 4/4
  1719 | D:2      | Reached skill level 7 in Stealth
  1910 | D:2      | Found an opulent altar of Gozag.
  1911 | D:2      | Found a glowing silver altar of Zin.
  2009 | D:2      | Reached XP level 4. HP: 11/23 MP: 4/6
  3027 | D:3      | Found a bloodstained altar of Trog.
  3328 | D:3      | Reached skill level 1 in Spellcasting
  3472 | D:3      | Found a blossoming altar of Fedhas.
  3629 | D:3      | Reached XP level 5. HP: 24/26 MP: 7/7
  4026 | D:4      | Noticed Dowan
  4028 | D:4      | Noticed Duvessa
  5057 | D:4      | Noticed Sigmund
  5295 | D:4      | Reached skill level 1 in Slings
  6031 | D:5      | Entered Level 5 of the Dungeon
  6031 | D:5      | Noticed Blork the orc
  6039 | D:5      | Killed Blork the orc
  6039 | D:5      | Reached skill level 8 in Stealth
  6039 | D:5      | Reached XP level 6. HP: 14/30 MP: 9/9
  6441 | D:5      | Noticed a slave
  6441 | D:5      | Noticed a slave
  6444 | D:5      | Noticed Pikel
  7065 | D:5      | Noticed a slave
  7065 | D:5      | Noticed a slave
  7607 | D:4      | Killed Dowan
  8145 | D:5      | Noticed Ijyb
  8224 | D:4      | Killed Ijyb
  8640 | D:4      | Killed Sigmund
  8640 | D:4      | Reached XP level 7. HP: 12/35 MP: 9/11
  8870 | D:5      | Reached skill level 5 in Dodging
  9699 | D:4      | Killed Duvessa
  9699 | D:4      | Reached skill level 5 in Short Blades
 11132 | D:5      | Learned a level 1 spell: Corona
 11140 | D:5      | Found Asiluty's Jewellery Shoppe.
 11209 | D:5      | Noticed Grinder
 11308 | D:5      | Slain by Grinder

Skill      XL: |  1  2  3  4  5  6  7 |
---------------+----------------------+-----
Stealth        | 6 7 8 |  8.5
Dodging        | 2 3 4 5 |  5.8
Fighting       | 2 |  2.7
Short Blades   | 3 4 5 |  5.3
Spellcasting   | 1 2 |  2.5
Slings         | 1 2 |  2.3
Throwing       | |  2.0
Hexes          | |  0.4

Action                   |  1- 3 |  4- 6 |  7- 9 || total
-------------------------+-------+-------+-------++-------
Melee: Dagger            |   177 |   513 |   385 ||  1075
  Use: Scroll            |     4 |     1 |     1 ||     6
       Potion            |       |     1 |       ||     1
 Stab: Sleeping          |    19 |    17 |     2 ||    38
       Distracted        |     3 |     1 |       ||     4
  Eat: Ration            |       |     3 |     2 ||     5
Armor: Robe              |    22 |    83 |    66 ||   171
Dodge: Dodged            |   139 |   333 |   301 ||   773
